[Event "November 21 Early 2023"]
[Site "https://www.chess.com"]
[Date "2023.11.21"]
[Round "1"]
[White "Kanyamarala, Trisha"]
[Black "Khismatullin, Denis"]
[Result "0-1"]
[Board "26"]
[TimeControl "180+1"]
[WhiteFideId "45004722"]
[BlackFideId "4142578"]
[WhiteElo "2078"]
[BlackElo "2552"]
[WhiteTeam "IRL"]
[BlackTeam "RUS"]
[WhiteClock "0:00:00"]
[BlackClock "0:00:19"]

1. c4 e5 2. Nc3 Nf6 3. g3 Bb4 4. Nd5 Nxd5 5. cxd5 O-O 6. Bg2 Re8 7. Nf3 c6 8. Qb3 a5 9. O-O e4 10. Nd4 Na6 11. d3 Bc5 12. Be3 a4 13. Qc2 cxd5 14. dxe4 dxe4 15. Bxe4 g6 16. a3 d5 17. Bf3 Bh3 18. Rfd1 Qd7 19. Rac1 Rac8 20. Qd2 Bf8 21. Nc2 Rcd8 22. Bb6 Rc8 23. Qxd5 Qxd5 24. Bxd5 Nc5 25. Nb4 Nb3 26. Rxc8 Bxc8 27. e4 Bg7 28. Bc4 Bxb2 29. Bb5 Bg4 30. Rb1 Re6 31. Be3 Bxa3 32. Nd5 Bf3 33. Bxa4 Nc5 34. Ra1 Bb2 35. Rb1 Nxa4 36. Nf4 Rxe4 37. Nd3 Bd4 38. Rxb7 Bxe3 39. Rb8+ Kg7 40. fxe3 Rxe3 41. Nf4 Nc3 42. Kf2 Nd1+ 43. Kf1 Re7 44. Rd8 Ne3+ 45. Kf2 Bb7 46. h4 Ng4+ 47. Kf1 h5 48. Nh3 Ba6+ 49. Kg1 Re1+ 50. Kg2 Bb7+ 0-1

[Event "November 21 Early 2023"]
[Site "https://www.chess.com"]
[Date "2023.11.21"]
[Round "1"]
[White "Alekseenko, Kirill"]
[Black "Grossboss19"]
[Result "1-0"]
[Board "27"]
[TimeControl "180+1"]
[WhiteFideId "4135539"]
[WhiteElo "2667"]
[BlackElo "2503"]
[WhiteTeam "AUT"]
[WhiteClock "0:00:51"]
[BlackClock "0:00:28"]

1. e4 c6 2. d4 d5 3. exd5 cxd5 4. Bd3 Nc6 5. c3 Nf6 6. h3 g6 7. Bf4 Bf5 8. Nf3 Bxd3 9. Qxd3 Bg7 10. Nbd2 O-O 11. O-O e6 12. Rfe1 Re8 13. Ne5 Nxe5 14. Bxe5 Nd7 15. Bxg7 Kxg7 16. Re3 b5 17. Rae1 Rb8 18. a3 a5 19. Rf3 b4 20. axb4 axb4 21. c4 dxc4 22. Nxc4 Qc7 23. b3 Rbd8 24. Qd2 Qb8 25. h4 h5 26. Qg5 f6 27. Qc1 Nb6 28. Na5 Rc8 29. Qb1 Nd5 30. Nc4 Kf7 31. Ne5+ Ke7 32. Nxg6+ Kd6 33. Nf4 Nxf4 34. Rxf4 f5 35. d5 Kc7 36. dxe6 Re7 37. Qxf5 Rg8 38. Rc1+ Kd8 39. Rd4+ Ke8 40. Qxh5+ Kf8 41. Qf5+ Kg7 42. Rg4+ Kh8 43. Qf6+ Reg7 44. Rc5 Qe8 45. e7 Kh7 46. Qf5+ Rg6 47. h5 1-0

[Event "November 21 Early 2023"]
[Site "https://www.chess.com"]
[Date "2023.11.21"]
[Round "1"]
[White "Kubicka, Anna"]
[Black "Ibarra Jerez, Jose Carlos"]
[Result "0-1"]
[Board "28"]
[TimeControl "180+1"]
[WhiteFideId "1152254"]
[BlackFideId "2226332"]
[WhiteElo "2042"]
[BlackElo "2634"]
[WhiteTeam "POL"]
[BlackTeam "ESP"]
[WhiteClock "0:00:00"]
[BlackClock "0:01:02"]

1. e4 c5 2. Ne2 Nf6 3. Nbc3 d6 4. g3 Nc6 5. Bg2 g6 6. O-O Bg7 7. d3 O-O 8. f4 Rb8 9. a4 a6 10. Kh1 Bd7 11. Be3 b5 12. axb5 axb5 13. d4 b4 14. Na4 cxd4 15. Nxd4 Qc7 16. c3 bxc3 17. bxc3 Na5 18. Qd3 Nc4 19. Bg1 Bxa4 20. Rxa4 Nb2 21. Qc2 Nxa4 22. Qxa4 Qxc3 23. Nc6 Rb2 24. Bd4 Qc2 25. Qxc2 Rxc2 26. Nxe7+ Kh8 27. e5 Ng4 28. Nc6 dxe5 29. Nxe5 Nxe5 30. Bxe5 Bxe5 31. fxe5 Re2 32. Bd5 Kg7 33. Bc4 Rxe5 34. Rd1 Rc8 35. Bb3 Re2 36. Rf1 f5 37. Rd1 Rc3 38. Rd7+ Kh6 39. Ba4 Rc1+ 40. Rd1 Rxd1+ 0-1

[Event "November 21 Early 2023"]
[Site "https://www.chess.com"]
[Date "2023.11.21"]
[Round "1"]
[White "Drygalov, Sergey"]
[Black "Ferreira, Vitor Hugo Vieira"]
[Result "1-0"]
[Board "29"]
[TimeControl "180+1"]
[WhiteFideId "24171743"]
[BlackFideId "2119765"]
[WhiteElo "2502"]
[BlackElo "2123"]
[WhiteTeam "RUS"]
[BlackTeam "BRA"]
[WhiteClock "0:00:24"]
[BlackClock "0:00:21"]

1. d4 d5 2. c4 c6 3. Nf3 Nf6 4. Nc3 e6 5. e3 Nbd7 6. Qc2 Bd6 7. Bd3 dxc4 8. Bxc4 b5 9. Be2 Bb7 10. e4 e5 11. dxe5 Nxe5 12. Nd4 O-O 13. O-O g6 14. Bh6 Re8 15. Bg5 Be7 16. Rad1 Qb6 17. h3 a6 18. f4 Ned7 19. e5 Bc5 20. Qd2 Nd5 21. Nxd5 cxd5 22. Kh1 Bxd4 23. Qxd4 Qxd4 24. Rxd4 Nc5 25. Bh4 Rac8 26. Bf3 Ne6 27. Rd2 Nxf4 28. Bg3 Ne6 29. Bh4 Rc5 30. Rfd1 Rec8 31. Bf6 h6 32. h4 g5 33. h5 Nf4 34. g3 Ne6 35. Kg1 Nf8 36. Bxd5 Bxd5 37. Rxd5 Rxd5 38. Rxd5 Nh7 39. Be7 f5 40. Rd7 Nf8 41. Rd6 Kf7 42. Bxf8 Kxf8 43. Rxh6 Rc1+ 44. Kf2 Rc2+ 45. Kf3 Rxb2 46. Rf6+ Kg7 47. Rxf5 Kh6 48. e6 Rb1 49. Re5 Rf1+ 50. Kg4 Rf8 51. e7 Re8 52. Re6+ Kg7 53. Kxg5 Kf7 54. Kf5 Rxe7 55. Rxe7+ Kxe7 56. Ke5 Kf7 57. g4 b4 58. Kd4 a5 59. Kc4 Kf6 60. Kb3 Kg5 61. Ka4 Kxg4 62. h6 b3 63. axb3 1-0

[Event "November 21 Early 2023"]
[Site "https://www.chess.com"]
[Date "2023.11.21"]
[Round "1"]
[White "Koepke, Christian"]
[Black "Makarian, Rudik"]
[Result "0-1"]
[Board "30"]
[TimeControl "180+1"]
[WhiteFideId "4655737"]
[BlackFideId "44105681"]
[WhiteElo "2238"]
[BlackElo "2539"]
[WhiteTeam "GER"]
[BlackTeam "FID"]
[WhiteClock "0:00:02"]
[BlackClock "0:00:42"]

1. e4 c5 2. Be2 Nc6 3. f4 e6 4. Nf3 d5 5. d3 Be7 6. O-O Nh6 7. c3 O-O 8. Kh1 f6 9. Be3 b6 10. a3 Bb7 11. b4 Qd7 12. Qc2 Rac8 13. b5 Na5 14. e5 d4 15. Bg1 Qxb5 16. c4 Qb3 17. Qd2 Qa4 18. Bd1 Qd7 19. Qe1 Nf5 20. Nbd2 Nc6 21. Ne4 fxe5 22. Nxe5 Nxe5 23. fxe5 Ne3 24. Bxe3 Rxf1+ 25. Qxf1 dxe3 26. Bf3 Rf8 27. Qe2 Bxe4 28. Bxe4 Qd4 29. Re1 Rf2 30. Qh5 g6 31. Qh3 e2 32. Qxe6+ Kf8 33. Qc8+ Kg7 34. h3 Rf1+ 35. Kh2 Qg1+ 36. Kg3 Qf2+ 37. Kh2 Qf4+ 38. g3 Qf2+ 39. Bg2 Qg1# 0-1

[Event "November 21 Early 2023"]
[Site "https://www.chess.com"]
[Date "2023.11.21"]
[Round "1"]
[White "Rasulov, Vugar"]
[Black "only_strong_moves"]
[Result "1-0"]
[Board "31"]
[TimeControl "180+1"]
[WhiteFideId "13402390"]
[WhiteElo "2517"]
[BlackElo "2502"]
[WhiteTeam "AZE"]
[WhiteClock "0:01:31"]
[BlackClock "0:01:12"]

1. e4 e5 2. Nf3 Nc6 3. Bc4 Bc5 4. d3 d6 5. O-O Nf6 6. Bg5 h6 7. Bh4 O-O 8. c3 Bb6 9. Nbd2 Nb8 10. Bb3 Nbd7 11. Nc4 Qe8 12. Bc2 Nh7 13. d4 f5 14. dxe5 fxe4 15. Bxe4 Nxe5 16. Ncxe5 dxe5 17. Qd5+ Kh8 18. Qxe5 Qf7 19. Qg3 Bf5 20. Ne5 Qh5 21. Bxf5 Rxf5 22. Ng6+ Kg8 23. Ne7+ Kf7 24. Nxf5 Qxf5 25. Qf3 Qxf3 26. gxf3 h5 27. Rad1 Kg8 28. Rfe1 g5 29. Bg3 1-0

[Event "November 21 Early 2023"]
[Site "https://www.chess.com"]
[Date "2023.11.21"]
[Round "1"]
[White "FunnyDuck66"]
[Black "Chigaev, Maksim"]
[Result "0-1"]
[Board "32"]
[TimeControl "180+1"]
[BlackFideId "4108116"]
[WhiteElo "2501"]
[BlackElo "2561"]
[BlackTeam "ESP"]
[WhiteClock "0:00:24"]
[BlackClock "0:00:32"]

1. d4 Nf6 2. Nf3 g6 3. Bg5 Bg7 4. Nbd2 O-O 5. c3 d6 6. e4 Nc6 7. Bd3 Qe8 8. O-O e5 9. dxe5 Nxe5 10. Nxe5 Qxe5 11. f4 Qc5+ 12. Kh1 Ng4 13. Qf3 Qe3 14. Qxe3 Nxe3 15. Rf3 Ng4 16. h3 Nf6 17. Re3 Re8 18. Rae1 h6 19. Bh4 Nh5 20. Rf3 Nxf4 21. Rxf4 g5 22. Rf2 gxh4 23. Nf3 Be5 24. Nxe5 Rxe5 25. Rf4 Be6 26. Rxh4 Kg7 27. c4 a6 28. a4 a5 29. b3 Ra6 30. Rf4 Rb6 31. Bc2 Rb4 32. Rf3 Kf8 33. Ref1 c6 34. Rf6 h5 35. Bd1 Kg7 36. Bc2 b5 37. axb5 cxb5 38. cxb5 Rc5 39. Bd3 Rxb3 40. Be2 Re3 41. R6f2 Rxe2 42. Rxe2 Bc4 43. Rfe1 Bxe2 44. Rxe2 Rxb5 45. Kh2 Kf6 46. Kg3 Ke6 47. Kf4 f6 48. Ra2 f5 49. Ra4 fxe4 50. Rxe4+ Kf6 51. Ra4 Rb4+ 52. Rxb4 axb4 53. Ke3 h4 54. Kd4 d5 55. Kd3 Ke5 56. Ke3 d4+ 57. Kd3 Kd5 58. Kc2 Kc4 59. Kb2 d3 60. Kc1 b3 61. Kd2 b2 62. g3 hxg3 63. h4 b1=Q 64. h5 g2 65. h6 g1=Q 66. h7 Qc2# 0-1

[Event "November 21 Early 2023"]
[Site "https://www.chess.com"]
[Date "2023.11.21"]
[Round "1"]
[White "Zhigalko, Sergei"]
[Black "UNSTOPPABLE_LEGEND"]
[Result "1-0"]
[Board "33"]
[TimeControl "180+1"]
[WhiteFideId "13502956"]
[WhiteElo "2616"]
[BlackElo "2501"]
[WhiteTeam "BLR"]
[WhiteClock "0:01:37"]
[BlackClock "0:00:00"]

1. e4 e6 2. d4 d5 3. e5 c5 4. c3 Nc6 5. Nf3 Bd7 6. Be2 Nge7 7. Na3 Ng6 8. h4 cxd4 9. cxd4 Bb4+ 10. Kf1 h6 11. Nc2 Ba5 12. h5 Nge7 13. g3 Rc8 14. Kg2 Bb6 15. Bf4 Na5 16. b3 a6 17. Ne3 Bb5 18. Bxb5+ axb5 19. Qd3 Qd7 20. Rac1 O-O 21. Ng4 Nf5 22. Nh4 Nxh4+ 23. Rxh4 Kh8 24. Bxh6 Rg8 25. Rxc8 Qxc8 26. Bg5 Nc6 27. h6 g6 28. h7 1-0

[Event "November 21 Early 2023"]
[Site "https://www.chess.com"]
[Date "2023.11.21"]
[Round "1"]
[White "Rodriguez, Santiago"]
[Black "Henriquez Villagra, Cristobal"]
[Result "0-1"]
[Board "34"]
[TimeControl "180+1"]
[WhiteFideId "3000591"]
[BlackFideId "3409350"]
[WhiteElo "2249"]
[BlackElo "2572"]
[WhiteTeam "URU"]
[BlackTeam "CHI"]
[WhiteClock "0:01:01"]
[BlackClock "0:01:18"]

1. d4 Nf6 2. Bg5 d6 3. Bxf6 exf6 4. e3 h5 5. c4 h4 6. Nc3 f5 7. h3 Nd7 8. Be2 Nf6 9. Qc2 Be7 10. O-O-O a6 11. Bf3 Rb8 12. Nge2 Kf8 13. Nf4 c6 14. Kb1 Bd7 15. e4 fxe4 16. Nxe4 Nxe4 17. Bxe4 Bg5 18. Ne2 Qf6 19. f4 Bh6 20. Rhf1 Ke7 21. Nc3 Rhe8 22. f5 Kf8 23. d5 c5 24. Bd3 b5 25. Ne4 Rxe4 26. Bxe4 bxc4 27. Rf2 Be3 28. Re2 Bd4 29. Qxc4 Bb5 0-1

[Event "November 21 Early 2023"]
[Site "https://www.chess.com"]
[Date "2023.11.21"]
[Round "1"]
[White "Ashraf, Artin"]
[Black "Rodriguez Fontecha, Marcos"]
[Result "1-0"]
[Board "35"]
[TimeControl "180+1"]
[WhiteFideId "22514805"]
[BlackFideId "2256576"]
[WhiteElo "2235"]
[BlackElo "2249"]
[WhiteTeam "IRI"]
[BlackTeam "ESP"]
[WhiteClock "0:01:07"]
[BlackClock "0:00:58"]

1. c4 c6 2. Nf3 d5 3. e3 Nf6 4. Nc3 g6 5. b3 Bg7 6. Bb2 O-O 7. Be2 a6 8. O-O b5 9. cxd5 cxd5 10. Rc1 Bb7 11. b4 Nbd7 12. a3 Nb6 13. d3 Rc8 14. Nb1 Nfd7 15. Bxg7 Kxg7 16. Nbd2 e6 17. Nb3 Na4 18. Qd2 Qf6 19. d4 Ndb6 20. Nc5 Nxc5 21. bxc5 Nc4 22. Qb4 Bc6 23. Rb1 Qe7 24. Qc3 f6 25. Ne1 e5 26. Bd3 Rce8 27. Nc2 Qd7 28. Rfd1 Qg4 29. Bxc4 bxc4 30. Re1 Qd7 31. Rb6 Bb5 32. Rb1 Qc7 33. a4 Bxa4 34. Rb7 1-0

[Event "November 21 Early 2023"]
[Site "https://www.chess.com"]
[Date "2023.11.21"]
[Round "1"]
[White "Orlov, Georgi"]
[Black "Puranik, Abhimanyu"]
[Result "0-1"]
[Board "36"]
[TimeControl "180+1"]
[WhiteFideId "2011271"]
[BlackFideId "5061245"]
[WhiteElo "2496"]
[BlackElo "2493"]
[WhiteTeam "USA"]
[BlackTeam "IND"]
[WhiteClock "0:00:00"]
[BlackClock "0:01:22"]

1. d3 Nf6 2. c4 e5 3. Nc3 Bb4 4. e4 O-O 5. g3 c6 6. Bg2 d5 7. cxd5 cxd5 8. exd5 Nxd5 9. Ne2 Bg4 10. Bd2 Bxc3 11. bxc3 Nc6 12. h3 Be6 13. Rb1 Qd7 14. g4 Nb6 15. Nc1 Bd5 16. O-O Bxg2 17. Kxg2 f5 18. Qe2 Rad8 19. f3 Nd5 20. Rd1 Rde8 21. gxf5 Rxf5 22. Qe4 Nf4+ 23. Bxf4 exf4 24. Qc4+ Kh8 25. Rb5 Na5 0-1

[Event "November 21 Early 2023"]
[Site "https://www.chess.com"]
[Date "2023.11.21"]
[Round "1"]
[White "Shimanov, Aleksandr"]
[Black "Panda Sambit"]
[Result "1-0"]
[Board "37"]
[TimeControl "180+1"]
[WhiteFideId "4198603"]
[BlackFideId "25091794"]
[WhiteElo "2611"]
[BlackElo "2216"]
[WhiteTeam "RUS"]
[BlackTeam "IND"]
[WhiteClock "0:01:33"]
[BlackClock "0:01:14"]

1. g3 d5 2. Bg2 c5 3. c4 d4 4. e3 Nc6 5. d3 e5 6. Nf3 Nf6 7. O-O Be7 8. exd4 cxd4 9. Re1 Nd7 10. Na3 O-O 11. Nc2 a5 12. b3 Qc7 13. Rb1 Ra6 14. a3 Rb6 15. Nfxd4 exd4 16. Bxc6 Ne5 17. Be4 Bg4 18. f3 Bh5 19. Bf4 Bd6 20. Bxe5 Bxe5 21. Qd2 Kh8 22. f4 Bf6 23. Qxa5 Re8 24. Qxh5 1-0

[Event "November 21 Early 2023"]
[Site "https://www.chess.com"]
[Date "2023.11.21"]
[Round "1"]
[White "Kanyamarala, Tarun"]
[Black "Baskakov, Egor"]
[Result "0-1"]
[Board "38"]
[TimeControl "180+1"]
[WhiteFideId "45004714"]
[BlackFideId "24197866"]
[WhiteElo "2318"]
[BlackElo "2225"]
[WhiteTeam "IRL"]
[BlackTeam "RUS"]
[WhiteClock "0:00:18"]
[BlackClock "0:00:36"]

1. e4 c5 2. Nf3 Nf6 3. e5 Nd5 4. Nc3 e6 5. g3 Nc6 6. Bg2 d6 7. exd6 Bxd6 8. O-O O-O 9. Ne4 Be7 10. d3 e5 11. b3 f5 12. Ned2 Nc3 13. Qe1 Bf6 14. Bb2 e4 15. dxe4 fxe4 16. Nh4 g5 17. Nc4 Nb5 18. Rd1 Qe7 19. Bxf6 Qxf6 20. a4 Nbd4 21. c3 Bg4 22. cxd4 Bxd1 23. Qxd1 cxd4 24. Qg4 Kh8 25. Bxe4 gxh4 26. Qh5 Rf7 27. Bxc6 bxc6 28. Ne5 Rg7 29. Ng4 Qg6 30. Qxg6 Rxg6 31. Ne5 Re6 32. f4 hxg3 33. hxg3 Rb8 34. Rf3 c5 35. Rd3 Reb6 36. Nd7 Rxb3 37. Rd2 Rb1+ 38. Kf2 R8b2 39. Ke2 c4 40. Nc5 c3 41. Rxb2 cxb2 42. Nd3 Re1+ 43. Nxe1 b1=Q 44. Nd3 Qc2+ 45. Kf3 Qxd3+ 46. Kg4 Qg6+ 47. Kf3 d3 48. f5 Qc6+ 49. Ke3 Qxa4 50. Kxd3 Kg7 51. f6+ Kxf6 52. Ke3 Kg5 53. Kf2 Qb3 54. Kg1 Kg4 55. Kh1 Kxg3 56. Kg1 Qe3+ 57. Kh1 Qe4+ 58. Kg1 Qg2# 0-1

[Event "November 21 Early 2023"]
[Site "https://www.chess.com"]
[Date "2023.11.21"]
[Round "1"]
[White "Pap, Gyula"]
[Black "Jesseinkman"]
[Result "1-0"]
[Board "39"]
[TimeControl "180+1"]
[WhiteFideId "725323"]
[WhiteElo "2525"]
[BlackElo "2495"]
[WhiteTeam "HUN"]
[WhiteClock "0:00:25"]
[BlackClock "0:00:01"]

1. Nc3 Nf6 2. Nf3 d5 3. e3 c5 4. Bb5+ Bd7 5. Qe2 e6 6. Bxd7+ Nbxd7 7. d3 Bd6 8. e4 d4 9. Nb1 e5 10. a4 O-O 11. O-O a6 12. a5 Nb8 13. Nbd2 Nc6 14. Nc4 Bc7 15. Bd2 h6 16. Nh4 Ne7 17. g3 Ng6 18. Nf5 Nd7 19. h4 Ne7 20. Nxe7+ Qxe7 21. h5 Qe6 22. Kg2 Rae8 23. Rae1 f5 24. exf5 Qxf5 25. Qe4 Qxe4+ 26. dxe4 Nb8 27. f4 Nc6 28. f5 Rd8 29. Rf3 d3 30. Rxd3 Rxd3 31. cxd3 Rd8 32. Re3 Nd4 33. Bc3 Nc2 34. Re2 Nb4 35. Bxb4 cxb4 36. Rd2 Rd4 37. b3 Kf7 38. Kf3 Kf6 39. Rc2 Rxd3+ 40. Ke2 Rxg3 41. Ne3 Bxa5 42. Rc8 Kg5 43. Nd5 Kxh5 44. Rg8 Rxb3 45. Rxg7 Rb2+ 46. Kd3 b3 47. Rxb7 Rd2+ 48. Ke3 b2 49. f6 Rd1 50. Rxb2 Rf1 51. Rh2+ Kg6 52. Rg2+ Kf7 53. Rg7+ Ke6 54. Re7+ Kd6 55. Ra7 Kc6 56. Rxa6+ Kb5 57. Re6 h5 58. Rxe5 Bb6+ 59. Nxb6+ Kxb6 60. Rf5 Rxf5 61. exf5 Kc6 62. f7 1-0

[Event "November 21 Early 2023"]
[Site "https://www.chess.com"]
[Date "2023.11.21"]
[Round "1"]
[White "BM223344"]
[Black "mind1mover"]
[Result "0-1"]
[Board "40"]
[TimeControl "180+1"]
[WhiteElo "2494"]
[BlackElo "2894"]
[WhiteClock "0:00:59"]
[BlackClock "0:01:08"]

1. d4 d5 2. Nf3 Nc6 3. c4 e6 4. Nc3 Bb4 5. e3 Nf6 6. Bd3 dxc4 7. Bxc4 O-O 8. O-O b6 9. a3 Bxc3 10. bxc3 Na5 11. Bd3 Bb7 12. Re1 Be4 13. Qc2 Bxf3 14. gxf3 c5 15. Bb2 Rc8 16. Qe2 h6 17. Rad1 Qd5 18. f4 cxd4 19. cxd4 Qb3 20. e4 Nc4 21. Bc1 Nxa3 22. e5 Nd5 23. Qg4 Rxc1 24. Rxc1 Qxd3 25. Rcd1 Qg6 26. Qg3 Nc2 27. Re2 Nc3 0-1

[Event "November 21 Early 2023"]
[Site "https://www.chess.com"]
[Date "2023.11.21"]
[Round "1"]
[White "Kamsky, Gata"]
[Black "Kochiev, Ivan"]
[Result "1-0"]
[Board "41"]
[TimeControl "180+1"]
[WhiteFideId "2000024"]
[BlackFideId "2917890"]
[WhiteElo "2660"]
[BlackElo "2285"]
[WhiteTeam "USA"]
[BlackTeam "BUL"]
[WhiteClock "0:02:06"]
[BlackClock "0:00:23"]

1. d4 Nf6 2. Nf3 g6 3. c3 Bg7 4. Bg5 d6 5. Nbd2 Nc6 6. e4 e5 7. dxe5 dxe5 8. Bb5 Qd6 9. O-O O-O 10. Re1 Nd7 11. Qc2 a6 12. Bf1 b6 13. Nc4 Qe6 14. Ne3 Bb7 15. Rad1 b5 16. a4 Nc5 17. axb5 axb5 18. Bxb5 Na7 19. Bc4 Qg4 20. Nxg4 1-0

[Event "November 21 Early 2023"]
[Site "https://www.chess.com"]
[Date "2023.11.21"]
[Round "1"]
[White "Jamal-Jamal-Jamal"]
[Black "Rustemov, Alexander"]
[Result "0-1"]
[Board "42"]
[TimeControl "180+1"]
[BlackFideId "4119002"]
[WhiteElo "2491"]
[BlackElo "2889"]
[BlackTeam "RUS"]
[WhiteClock "0:00:00"]
[BlackClock "0:00:23"]

1. d4 d5 2. c4 c6 3. e3 Nf6 4. Nf3 a6 5. Nc3 b5 6. cxd5 cxd5 7. Bd3 Bb7 8. O-O e6 9. Ne2 Bd6 10. Ng3 Nbd7 11. a4 b4 12. a5 O-O 13. Qe2 Bc7 14. Bd2 Bxa5 15. Ra4 Bc6 16. Ra2 Ne4 17. Rfa1 Nxd2 18. Qxd2 Bc7 19. Rxa6 Rxa6 20. Rxa6 Bb7 21. Ra1 Bd6 22. h4 h6 23. h5 Bxg3 24. fxg3 Qb6 25. Ra4 Bc6 26. Rxb4 Qc7 27. Qc3 Qd6 28. Ne5 Rc8 29. Nxd7 Bxd7 30. Qd2 Qxg3 31. Rb7 Bc6 32. Ra7 Rb8 33. b4 Qd6 34. Ra6 Qd7 35. b5 Bxb5 36. Bxb5 Qxb5 37. Ra7 Qb6 38. Qa2 Qb1+ 39. Kf2 Rb2+ 0-1

[Event "November 21 Early 2023"]
[Site "https://www.chess.com"]
[Date "2023.11.21"]
[Round "1"]
[White "Sjugirov, Sanan"]
[Black "Devaev, Alexander"]
[Result "1-0"]
[Board "43"]
[TimeControl "180+1"]
[WhiteFideId "4189302"]
[BlackFideId "4169395"]
[WhiteElo "2569"]
[BlackElo "2172"]
[WhiteTeam "HUN"]
[BlackTeam "RUS"]
[WhiteClock "0:00:05"]
[BlackClock "0:00:10"]

1. e4 c6 2. d4 d5 3. e5 Bf5 4. Nf3 e6 5. Be2 Nd7 6. O-O a6 7. c3 Ne7 8. Nbd2 h6 9. a4 Bg4 10. a5 c5 11. dxc5 Nxc5 12. Nd4 Bxe2 13. Qxe2 Nc6 14. Nxc6 bxc6 15. b4 Nd7 16. Re1 c5 17. b5 axb5 18. Qxb5 Qb8 19. Qa4 Be7 20. Nf3 Qc7 21. a6 O-O 22. Qg4 Kh7 23. Qh5 Qc6 24. a7 Qc7 25. Ra4 c4 26. Be3 Bc5 27. Rea1 Bxe3 28. fxe3 Kg8 29. Kh1 Nc5 30. R4a3 Nd3 31. Qh4 Rfd8 32. Qd4 Rd7 33. h3 Nc5 34. Kh2 Nb3 35. Qd1 Nxa1 36. Rxa1 Qb6 37. Rb1 Qc6 38. Nd4 Qc5 39. Rb8+ Rd8 40. Qb1 Qxa7 41. Rb7 Qa2 42. Qf1 Qa6 43. Qxf7+ Kh8 44. Qxg7# 1-0

[Event "November 21 Early 2023"]
[Site "https://www.chess.com"]
[Date "2023.11.21"]
[Round "1"]
[White "Kazmin_Semyon"]
[Black "Mikhailovsky, Vladimir"]
[Result "0-1"]
[Board "44"]
[TimeControl "180+1"]
[BlackFideId "34105414"]
[WhiteElo "2491"]
[BlackElo "2257"]
[BlackTeam "RUS"]
[WhiteClock "0:00:04"]
[BlackClock "0:00:08"]

1. e4 Nf6 2. e5 Nd5 3. d4 d6 4. c4 Nb6 5. f4 Bf5 6. Nc3 dxe5 7. fxe5 e6 8. Be3 Bb4 9. a3 Bxc3+ 10. bxc3 c5 11. a4 O-O 12. a5 N6d7 13. Nf3 cxd4 14. cxd4 Nc6 15. Qa4 Rc8 16. Be2 b6 17. axb6 Nxb6 18. Qb5 Be4 19. Rd1 Bc2 20. Ra1 Be4 21. Rd1 a6 22. Qc5 Ne7 23. Qb4 Nf5 24. Bf2 a5 25. Qb5 Qc7 26. O-O Nxc4 27. Rc1 Na3 28. Qb2 Qe7 29. Nd2 Bd5 30. Ra1 Rc2 31. Qxa3 Qxa3 32. Rxa3 Rxd2 33. Bg4 Nxd4 34. Rxa5 Ne2+ 35. Bxe2 Rxe2 36. h3 Rxe5 37. Bc5 Rc8 38. Bd4 Re2 39. Rf2 Rc1+ 40. Kh2 Rxf2 41. Bxf2 Rc2 42. Kg3 h6 43. Ra3 h5 44. Ra4 Rc3+ 45. Kf4 Rc2 46. Kg3 g5 47. h4 f6 48. Rb4 Kf7 49. Ra4 Kg6 50. Rb4 Kf5 51. Ra4 e5 52. Rb4 Be4 53. hxg5 fxg5 54. Ra4 h4+ 55. Kh2 Rxf2 56. Kh3 Bxg2+ 57. Kh2 Bc6+ 58. Kg1 Bxa4 59. Kxf2 Kg4 0-1

[Event "November 21 Early 2023"]
[Site "https://www.chess.com"]
[Date "2023.11.21"]
[Round "1"]
[White "Taher, Yoseph Theolifus"]
[Black "Reprintsev, Alexander"]
[Result "1-0"]
[Board "45"]
[TimeControl "180+1"]
[WhiteFideId "7105347"]
[BlackFideId "14100541"]
[WhiteElo "2352"]
[BlackElo "2229"]
[WhiteTeam "INA"]
[BlackTeam "UKR"]
[WhiteClock "0:02:26"]
[BlackClock "0:01:07"]

1. d4 d5 2. Nc3 Nf6 3. Bf4 a6 4. e3 e6 5. Nf3 c5 6. Bd3 c4 7. Be2 b5 8. O-O b4 9. Nb1 Nbd7 10. a3 bxa3 11. Nxa3 Ne4 12. Nb5 g5 13. Nc7+ Ke7 14. Nxg5 Nxg5 15. Bxg5+ f6 16. Bf4 Rb8 17. b3 cxb3 18. cxb3 Rb6 19. Qc1 Kf7 20. Bh5+ Kg7 21. Ne8+ Kg8 22. Bc7 1-0

[Event "November 21 Early 2023"]
[Site "https://www.chess.com"]
[Date "2023.11.21"]
[Round "1"]
[White "HeroWilczek"]
[Black "Sychev, Klementy"]
[Result "0-1"]
[Board "46"]
[TimeControl "180+1"]
[BlackFideId "4114060"]
[WhiteElo "2486"]
[BlackElo "2583"]
[BlackTeam "FID"]
[WhiteClock "0:01:04"]
[BlackClock "0:01:07"]

1. e4 e5 2. Nf3 Nc6 3. Bc4 Nf6 4. d3 Bc5 5. O-O O-O 6. c3 d5 7. exd5 Nxd5 8. Re1 Bg4 9. Nbd2 Nb6 10. Bb5 Bd6 11. h3 Bh5 12. Nf1 f5 13. Ng3 Bxf3 14. Qxf3 Qd7 15. a4 a6 16. Bxc6 bxc6 17. Qe2 Rae8 18. Bd2 Nd5 19. c4 Nf4 20. Qf3 Ng6 21. Bc3 e4 22. dxe4 fxe4 23. Qe3 Qf7 24. c5 Bf4 25. Qd4 e3 26. Rxe3 Rxe3 27. fxe3 Bxg3 28. e4 Bf2+ 0-1

[Event "November 21 Early 2023"]
[Site "https://www.chess.com"]
[Date "2023.11.21"]
[Round "1"]
[White "Galaktionov, Artem"]
[Black "Saravana, Krishnan P."]
[Result "1-0"]
[Board "47"]
[TimeControl "180+1"]
[WhiteFideId "24175471"]
[BlackFideId "5018382"]
[WhiteElo "2367"]
[BlackElo "2167"]
[WhiteTeam "RUS"]
[BlackTeam "IND"]
[WhiteClock "0:01:02"]
[BlackClock "0:00:00"]

1. d4 d5 2. Nf3 Nf6 3. c4 c6 4. Qb3 dxc4 5. Qxc4 Bf5 6. Nc3 e6 7. g3 Be7 8. Bg2 Nbd7 9. Qb3 Qb6 10. Nd2 h6 11. Nc4 Qxb3 12. axb3 Bb4 13. Bd2 O-O 14. Na5 Bxa5 15. Rxa5 a6 16. e4 Bg6 17. h3 Rfd8 18. Be3 Ne8 19. f4 Nd6 20. g4 f5 21. gxf5 exf5 22. e5 Nb5 23. Nxb5 axb5 24. Rxa8 Rxa8 25. d5 cxd5 26. Bxd5+ Kf8 27. Bxb7 Ra2 28. Kd2 Rxb2+ 29. Kc3 Re2 30. Bd4 Bf7 31. Bc6 Ke7 32. Bxb5 Rg2 33. Kb4 Rd2 34. Be3 Rb2 35. Bc4 Bxc4 36. Kxc4 g5 37. fxg5 Nxe5+ 38. Kd5 Ng6 39. b4 hxg5 40. Bxg5+ Kf7 41. Kc5 f4 42. Rf1 Rb3 43. Bxf4 Rxh3 44. Bg5+ Kg7 45. b5 Rh5 46. Rf5 Kg8 47. Rd5 Nf8 48. Kd6 Rh1 49. Be7 1-0

[Event "November 21 Early 2023"]
[Site "https://www.chess.com"]
[Date "2023.11.21"]
[Round "1"]
[White "Dudzinski, Pawel"]
[Black "Zakhartsov, Vladimir"]
[Result "0-1"]
[Board "48"]
[TimeControl "180+1"]
[WhiteFideId "1117890"]
[BlackFideId "4145097"]
[WhiteElo "2034"]
[BlackElo "2448"]
[WhiteTeam "POL"]
[BlackTeam "RUS"]
[WhiteClock "0:00:13"]
[BlackClock "0:00:22"]

1. e4 c6 2. d4 d5 3. exd5 cxd5 4. Bd3 Nc6 5. c3 g6 6. h3 Bg7 7. Nf3 Bf5 8. O-O Bxd3 9. Qxd3 e6 10. Re1 Nge7 11. Bg5 h6 12. Bxe7 Qxe7 13. Nbd2 O-O 14. Ne5 Nxe5 15. dxe5 Rac8 16. f4 Rfd8 17. Nf3 a6 18. Rad1 b5 19. a3 Qb7 20. g4 Kh8 21. Nd4 Rg8 22. Kh1 Qe7 23. Qg3 Bf8 24. Qf2 Qd7 25. Rd3 Bc5 26. Rf1 Qe7 27. f5 exf5 28. gxf5 Qxe5 29. fxg6 Rxg6 30. Qxf7 Rcg8 31. Rdf3 Bxd4 32. cxd4 Qxd4 33. R3f2 Qe4+ 34. Qf3 Qe5 35. Qf4 Qg7 36. Qf3 0-1

[Event "November 21 Early 2023"]
[Site "https://www.chess.com"]
[Date "2023.11.21"]
[Round "1"]
[White "Kuzubov, Yuriy"]
[Black "Pinero Rodriguez, Carlos Jose"]
[Result "1-0"]
[Board "49"]
[TimeControl "180+1"]
[WhiteFideId "14112906"]
[BlackFideId "3901726"]
[WhiteElo "2487"]
[BlackElo "2191"]
[WhiteTeam "UKR"]
[BlackTeam "VEN"]
[WhiteClock "0:00:35"]
[BlackClock "0:00:12"]

1. d4 Nf6 2. c4 g6 3. f3 c5 4. d5 Bg7 5. e4 d6 6. Bd3 O-O 7. Ne2 e6 8. O-O exd5 9. cxd5 Na6 10. Nec3 Nc7 11. Bg5 Rb8 12. a4 a6 13. Na3 h6 14. Be3 Nd7 15. Qd2 Kh7 16. Nc4 Qe7 17. Bf4 Ne8 18. Kh1 b6 19. Bg3 Ne5 20. Nxe5 Bxe5 21. Bxe5 Qxe5 22. f4 Qg7 23. Rae1 Rb7 24. e5 Re7 25. Bc2 Kh8 26. Rf3 dxe5 27. d6 Re6 28. d7 Bxd7 29. Qxd7 exf4 30. Rxe6 1-0